Unix NetHack Version 5.0.0-0 post-release - last build May 23 2026 06:08:33 (1c0ff79ee797540d5714e4e18072db0edd9e58ae,branch:main).

Game began 2026-05-28 09:50:47, ended 2026-05-29 09:33:29.

Jeroenix, chaotic male elven Ranger

    $                                                                 $
                                                             ------
                                                           .--.--.---
                                                          ..........|
                                                         ...........--
              )               0  (                       .<..........|
                                                    *    --..|..--...|
         %                           *                 -----.|--------
                                                      #|).^..|             (
                                                     ###.---.---
                 0                )    [            #  #.#h)...|.-
                                              % *      |.|-@--....-
                                                      --.|..+|--...
                                 )                    |..|..d| ----
                                                     ...--...--
                       $                 $           -........|        $
                                         $           -........|
                                 $               $    .....----       *
                  $         $                *

Jeroenix the Lookout         St:16 Dx:9 Co:14 In:15 Wi:14 Ch:8  Chaotic
Dlvl:4  $:130 HP:0(30) Pw:25(25) AC:7  Xp:4 T:1354  Hungry   Burdened

Latest messages:
 In what direction? k
 You shoot 3 elven arrows.
 The 1st elven arrow hits the gnome lord.
 You kill the gnome lord!
 You see here a white gem.
 The dwarf lord thrusts his broad short sword.
 The dwarf lord hits!
 The dwarf lord thrusts his broad short sword.
 The dwarf lord hits again!
 The dwarf lord picks up a white gem.
 Sirius drops a +0 elven arrow.
 You have a little trouble lifting d - a +0 elven arrow (in quiver) (23 in total).
 Sirius bites the gnome.
 The gnome hits Sirius.
 In what direction? k
 You shoot 2 elven arrows.
 The 1st elven arrow hits the gnome!
 You kill the gnome!
 You have a little trouble lifting d - a +0 elven arrow (in quiver) (22 in total).
 d - 2 +0 elven arrows (in quiver) (24 in total).
 You see here 11 darts.
 The dwarf throws a dagger!
 You are hit by a dagger.
 In what direction? l
 You shoot 3 elven arrows.
 The 1st elven arrow hits the dwarf.
 The 2nd elven arrow hits the dwarf!
 The 3rd elven arrow hits the dwarf!
 You kill the dwarf!
 You have a little trouble lifting s - a dagger (2 in total).
 You stop.  Sirius is in the way!
 You are beginning to feel hungry.
 You have a little trouble lifting d - a +0 elven arrow (in quiver) (22 in total).
 You have a little trouble lifting P - a pair of hard shoes.
 Q - a hooded cloak.
 R - a jeweled wand.
 You swap places with Sirius.
 You swap places with Sirius.
 The dwarf lord wields a thonged club!
 The dwarf lord secures the tether on the thonged club.
 In what direction? k
 You shoot 2 elven arrows.
 The 1st elven arrow misses the dwarf lord.
 The 2nd elven arrow misses the dwarf lord.
 The dwarf lord thrusts his broad short sword.
 The dwarf lord hits!
 The dwarf lord thrusts his broad short sword.
 The dwarf lord hits again!
 You die...
 Do you want your possessions identified? [ynq] (y) q

Inventory:
 Coins    ('$')
  $ - 130 gold pieces
 Weapons  (')')
  c - 58 blessed +2 elven arrows
  d - 20 +0 elven arrows (in quiver)
  b - a +1 elven bow (weapon in right hand)
  r - a blessed +1 dagger
  s - 2 +0 daggers
  a - a +1 elven dagger (alternate weapon; not wielded)
  t - a +0 orcish dagger
 Armor    ('[')
  p - a blessed +0 pair of iron shoes
  L - an uncursed +0 pair of iron shoes
  P - an uncursed +0 pair of iron shoes
  q - an uncursed fireproof +0 dwarvish cloak
  Q - an uncursed +0 dwarvish cloak
  M - a cursed -1 dwarvish cloak
  e - an uncursed +2 elven cloak (being worn)
 Comestibles  ('%')
  y - an uncursed candy bar labeled "Choco Nummer"
  g - an uncursed clove of garlic
  l - 2 uncursed food rations
  f - 4 uncursed lembas wafers
  k - an uncursed pancake
  H - an uncursed tin of broiled iguana meat
 Scrolls  ('?')
  u - a blessed scroll of enchant armor
  F - an uncursed scroll of identify
  w - an uncursed scroll of light
 Spellbooks  ('+')
  z - an uncursed spellbook of detect treasure
  i - an uncursed spellbook of levitation
  h - a cursed spellbook of stone to flesh
 Potions  ('!')
  B - an uncursed potion of blindness
  j - an uncursed potion of hallucination
  v - an uncursed potion of restore ability
  A - an uncursed potion of sleeping
 Rings    ('=')
  x - a cursed -2 ring of adornment
 Wands    ('/')
  R - a wand of digging (0:5)
 Tools    ('(')
  m - an uncursed blindfold
  I - a +0 pick-axe
  N - a +0 pick-axe
  o - an uncursed partly used wax candle (lit)
 Gems/Stones  ('*')
  G - an uncursed jade stone
  O - an uncursed worthless piece of black glass
  J - an uncursed worthless piece of orange glass
  D - an uncursed worthless piece of red glass
  K - an uncursed worthless piece of yellowish brown glass

Jeroenix the Ranger's attributes:

Background:
 You were a Lookout, a level 4 male elven Ranger.
 You were chaotic, on a mission for Mars
 who was opposed by Mercury (lawful) and Venus (neutral).
 You were right-handed.
 You were in the Gnomish Mines, on level 4.
 You entered the dungeon 1354 turns ago.
 You had 122 experience points, 38 more were needed to attain level 5.

Basics:
 You had 0 out of 30 hit points.
 You had all 25 energy points (spell power).
 Your armor class was 7.
 Your wallet contained 130 zorkmids.
 Autopickup was on for '$' plus thrown.

Final Characteristics:
 Your strength was 16 (limit:18).
 Your dexterity was 9 (limit:18).
 Your constitution was 14 (limit:16).
 Your intelligence was 15 (limit:20).
 Your wisdom was 14 (limit:20).
 Your charisma was 8 (limit:18).

Final Status:
 You were hungry.
 You were burdened; movement was slightly slowed.
 You were wielding a bow.
 You had basic skill with bow.

Final Attributes:
 You were devoutly aligned.
 You were sleep resistant.
 You had automatic searching.
 You had infravision.
 You were stealthy.
 You were warded.
 You are dead.

Miscellaneous:
 You didn't encounter any bones levels.
 Total elapsed playing time was 30 minutes and 22 seconds.

Major events:
 Turn
    1: Jeroenix the chaotic male elven Ranger entered the dungeon
  468: found Grimtooth in a shop
 1166: entered the Gnomish Mines
 1201: attained the rank of Lookout (level 3)
 1354: killed by a dwarf lord

You didn't know any spells.

Skills:
 Fighting Skills
   bare handed combat [Unskilled]
   riding             [Unskilled]
 Weapon Skills
   dagger             [Basic]
   knife              [Unskilled]
   axe                [Unskilled]
   pick-axe           [Unskilled]
   short sword        [Unskilled]
   morning star       [Unskilled]
   flail              [Unskilled]
   hammer             [Unskilled]
   quarterstaff       [Unskilled]
   polearms           [Unskilled]
   spear              [Unskilled]
   trident            [Unskilled]
   bow                [Basic]
   sling              [Unskilled]
   crossbow           [Unskilled]
   dart               [Unskilled]
   shuriken           [Unskilled]
   boomerang          [Unskilled]
   whip               [Unskilled]
 Spellcasting Skills
   healing spells     [Unskilled]
   divination spells  [Unskilled]
   escape spells      [Unskilled]

Voluntary challenges:
 Character rerolling was not enabled.
 You were illiterate.
 You never genocided any monsters.
 You never polymorphed an object.
 You never changed form.
 You used no wishes.
Achievements:
 You entered a shop.
 You entered the Gnomish Mines.
 You attained the rank of Lookout.

 The Dungeons of Doom: levels 1 to 4
    Level 1:
       A fountain.
    Level 2:
       A weapon shop, an altar, a fountain.
    Level 3:
       An altar to Mars, some fountains.
       Stairs down to The Gnomish Mines.
    Level 4:
 The Gnomish Mines:
    Level 4: <- You were here.
       Final resting place for
          you, killed by a dwarf lord.


Vanquished creatures:
  a gnome leader
  3 dwarves
  a rabid rat
  a wererat
 an acid blob
  a large kobold
 10 gnomes
  a jackal
  a goblin
  a sewer rat
  4 grid bugs
  2 lichens
  a kobold zombie
  4 newts
32 creatures vanquished.

No species were genocided or became extinct.

Game over:
                       ----------
                      /          \
                     /    REST    \
                    /      IN      \
                   /     PEACE      \
                  /                  \
                  |     Jeroenix     |
                  |      130 Au      |
                  |   killed by a    |
                  |    dwarf lord    |
                  |                  |
                  |                  |
                  |       2026       |
                 *|     *  *  *      | *
        _________)/\\_//(\/(/\)/\//\/|_)_______

Goodbye Jeroenix the Ranger...

You died in The Gnomish Mines on dungeon level 4 with 785 points,
and 130 pieces of gold, after 1354 moves.
You were level 4 with a maximum of 30 hit points when you died.

